 Dungeon Crawl Stone Soup version 0.19-a0-1899-g2d93087 (webtiles) character file.

6527 WLBjork the Basher (level 10, -2/129 HPs)
             Began as a Minotaur Fighter on Oct 20, 2016.
             Was a Follower of the Shining One.
             Succumbed to a spiny frog's poison
             ... on level 1 of the Lair of Beasts.
             The game lasted 00:52:04 (7457 turns).

WLBjork the Basher (Minotaur Fighter)               Turns: 7457, Time: 00:52:05

Health: -2/129     AC: 10    Str: 25    XL:     10   Next: 69%
Magic:  9/9        EV: 12    Int:  5    God:    the Shining One [*.....]
Gold:   326        SH: 12    Dex: 14    Spells: 0 memorised, 9 levels left

rFire  + . .     SeeInvis .     r - +2 flail (holy)
rCold  x . .     Gourm    +     b - +0 scale mail
rNeg   . . .     Faith    .     c - +0 shield
rPois  +         Spirit   .     (helmet restricted)
rElec  .         Reflect  .     y - +1 cloak {rPois}
rCorr  .         Harm     .     (no gloves)
MR     .....                    (no boots)
Stlth  ..........               L - amulet of the gourmand
                                (no ring)
                                A - ring of fire

@: berserking, lethally poisoned (-2 -> -40), glowing, very quick
A: retaliatory headbutt, horns 2
a: Renounce Religion


You were on level 1 of the Lair of Beasts.
You worshipped the Shining One.
The Shining One was aware of your devotion.
You were completely stuffed.

You visited 3 branches of the dungeon, and saw 10 of its levels.

You collected 414 gold pieces.
You spent 88 gold pieces at shops.

Inventory:

Hand Weapons
 i - a +2 short sword of speed
 l - a +2 hand axe of chopping
 n - a +1 hand axe of freezing
 o - a +3 spear
 r - a +2 flail of holy wrath (weapon)
 I - a +1 whip of electrocution
Armour
 b - a +0 scale mail (worn)
 c - a +0 shield (worn)
 y - a +1 cloak of poison resistance (worn)
 B - a +0 plate armour
 C - a +0 plate armour
Jewellery
 A - a ring of fire (left hand)
 L - an amulet of the gourmand (around neck)
 S - an uncursed ring of see invisible {unknown}
Wands
 N - a wand of slowing (32/48)
 O - a wand of iceblast (7/15)
 R - a wand of lightning (2/15)
Scrolls
 a - a scroll of fear
 h - 3 scrolls of remove curse
 p - 2 scrolls of fog
 u - 3 scrolls of teleportation
 w - 2 scrolls of enchant armour {unknown}
 F - a scroll of summoning {unknown}
 H - a scroll of magic mapping
 K - a scroll of random uselessness {unknown}
 M - a scroll of recharging {unknown}
 P - a scroll of blinking {unknown}
 T - a scroll of identify
 V - a scroll of amnesia {unknown}
Potions
 d - 3 potions of might
 e - 2 potions of cure mutation
 g - 2 potions of flight
 j - 2 potions of magic
 k - 6 potions of curing
 z - 2 potions of agility
 D - a potion of cancellation
 E - 3 potions of haste
 G - a potion of ambrosia {unknown}
 J - a potion of resistance {unknown}
Books
 x - a book of Misfortune

   Spells                             Type                      Level
   a - Confusing Touch                Hexes                        1
   b - Confuse                        Hexes                        3
   c - Gell's Gravitas                Hexes/Translocation          3
   d - Petrify                        Transmutation/Earth          4
   e - Metabolic Englaciation         Hexes/Ice                    5
   f - Yara's Violent Unravelling     Hexes/Transmutation          5
Comestibles
 f - 6 bread rations
 m - 3 meat rations
 s - a royal jelly
 t - 7 chunks of flesh
 Q - a beef jerky
 U - a slice of pizza


   Skills:
 - Level 7.3 Fighting
 + Level 12.4 Maces & Flails
 - Level 8.7 Armour
 - Level 4.4 Dodging
 - Level 1.1 Stealth
 - Level 10.2 Shields


You had 9 spell levels left.
You didn't know any spells.

Dungeon Overview and Level Annotations

Branches:
Dungeon (8/15)             Temple (1/1) D:6            Lair (1/6) D:8

Altars:
Ashenzari
Cheibriados
Elyvilon
Fedhas
Gozag
Hepliaklqana
Kikubaaqudgha
Makhleb
Nemelex Xobeh
Okawaru
Qazlal
Ru
Sif Muna
Trog
Uskayaw
Vehumet
Xom
Yredelemnul
Zin
The Shining One

Shops:
D:4 ?   D:5 *   D:8 %


Innate Abilities, Weirdness & Mutations

You reflexively headbutt those who attack you in melee.
You have a pair of horns on your head.


Message History

* * * LOW HITPOINT WARNING * * *
The bullfrog closely misses you. You furiously retaliate!
You headbutt the bullfrog! You block the water moccasin's attack.
You block the bullfrog's attack. The spiny frog stings you!
* * * LOW HITPOINT WARNING * * *
You sock the spiny frog! Your headbutt misses the spiny frog.
The spiny frog is almost dead.
* * * LOW HITPOINT WARNING * * *
You feel sick.
The bullfrog hits you but does no damage.
The spiny frog stings you.
* * * LOW HITPOINT WARNING * * *
You are more poisoned.
The spiny frog poisons you!
The water moccasin bites you but does no damage.
The bullfrog hits you but does no damage.
You block the spiny frog's attack.
A red film seems to cover your vision as you go berserk!
You feel yourself moving faster!
You feel mighty!
You die...

#..##÷#####..... ..
+.
#.................
....##......P....%%%
.... #......##......
##. #......# ...P.
##.P##.##......
#..###.P#....%.
........FF.....P
$........@†......
..>.....FFS......
.................
(...............
........>.......
...............#
..............+
..###.P#.#....P


You could see 2 spiny frogs, a water moccasin and 2 bullfrogs.

Vanquished Creatures
  An unseen horror (D:8)
  Pikel (D:6)
  Joseph (D:8)
  The ghost of Philosophy the Archer, a novice CeHu (D:4)
  Grinder (D:3)
  3 hippogriffs
  Sigmund (D:6)
  A yak (D:8)
  A vampire mosquito (D:8)
  Menkaure (D:5)
  Duvessa (D:6)
  2 ice beasts
  A slave (D:6)
  2 orc warriors
  2 sky beasts
  A black bear (Lair:1)
  2 necrophages (D:6)
  3 ogres
  The ghost of wazuzu the Poker, an amateur DsGl (D:3)
  10 bullfrogs
  Dowan (D:6)
  2 scorpions
  5 killer bees (D:8)
  2 wights (D:8)
  A howler monkey (D:5)
  4 crimson imps
  A bullfrog zombie (D:7)
  7 orc priests
  6 hounds
  A jelly (D:8)
  Crazy Yiuf (D:2)
  3 iguanas
  7 orc wizards
  Ijyb (D:3)
  Jessica (D:2)
  Terence (D:2)
  3 worker ants
  A killer bee zombie (D:5)
  A worker ant zombie (D:3)
  Robin (D:2)
  11 adders
  5 gnolls
  3 shadow imps
  An ooze (D:2)
  An adder skeleton (D:8)
  2 worms
  2 dart slugs
  8 leopard geckos
  28 orcs
  10 bats
  2 giant cockroaches (D:3)
  17 goblins
  12 hobgoblins
  14 jackals
  12 kobolds
  3 quokkas
  A ball python (D:1)
  A ball python skeleton (D:5)
  8 frilled lizards
  A quokka zombie (D:8)
  9 rats
238 creatures vanquished.

Vanquished Creatures (others)
  2 slaves (D:6)
2 creatures vanquished.

Grand Total: 240 creatures vanquished

Notes
Turn   | Place    | Note
-------+----------+-------------------------------------------
     0 | D:1      | WLBjork the Minotaur Fighter began the quest for the Orb.
     0 | D:1      | Reached XP level 1. HP: 19/19 MP: 0/0
   160 | D:1      | Reached XP level 2. HP: 26/27 MP: 1/1
   475 | D:1      | Reached XP level 3. HP: 33/33 MP: 2/2
   672 | D:2      | Found a runed door.
   724 | D:2      | Noticed Terence
   737 | D:2      | Killed Terence
   787 | D:2      | Reached skill level 3 in Maces & Flails
   823 | D:2      | Reached XP level 4. HP: 25/40 MP: 3/3
   831 | D:2      | Found a faded altar of an unknown god.
   831 | D:2      | Found a bloodstained altar of Trog.
   836 | D:2      | Found a faded altar of an unknown god.
   841 | D:2      | Found a faded altar of an unknown god.
   843 | D:2      | Found a faded altar of an unknown god.
   917 | D:2      | Noticed Jessica
   939 | D:2      | Killed Jessica
   939 | D:2      | Reached skill level 1 in Dodging
  1344 | D:2      | Noticed Robin
  1358 | D:2      | Killed Robin
  1362 | D:2      | Reached XP level 5. HP: 33/46 MP: 4/4
  1952 | D:2      | Reached skill level 5 in Armour
  1961 | D:2      | Reached skill level 4 in Maces & Flails
  1969 | D:2      | Reached skill level 5 in Shields
  1996 | D:2      | Noticed Crazy Yiuf
  2005 | D:2      | Killed Crazy Yiuf
  2288 | D:3      | Noticed Grinder
  2293 | D:3      | Paralysed by Grinder for 5 turns
  2308 | D:3      | Killed Grinder
  2308 | D:3      | Reached skill level 5 in Maces & Flails
  2308 | D:3      | Reached XP level 6. HP: 46/53 MP: 5/5
  2568 | D:3      | Noticed Ijyb
  2568 | D:3      | Noticed wazuzu's ghost (amateur DsGl)
  2585 | D:3      | Killed wazuzu's ghost
  2585 | D:3      | Reached skill level 6 in Maces & Flails
  2585 | D:3      | Reached XP level 7. HP: 55/60 MP: 6/6
  2598 | D:3      | Killed Ijyb
  2880 | D:3      | Found a deep blue altar of Sif Muna.
  3331 | D:4      | Noticed Philosophy's ghost (novice CeHu)
  3339 | D:4      | Killed Philosophy's ghost
  3339 | D:4      | Reached skill level 5 in Fighting
  3339 | D:4      | Reached skill level 7 in Maces & Flails
  3339 | D:4      | Reached XP level 8. HP: 67/68 MP: 7/7
  3463 | D:4      | Found Gikasigu's Magic Scroll Emporium.
  3466 | D:4      | Bought a scroll of identify for 22 gold pieces
  3466 | D:4      | Bought a scroll of identify for 22 gold pieces
  3466 | D:4      | Bought a scroll of identify for 22 gold pieces
  3466 | D:4      | Bought a scroll of identify for 22 gold pieces
  3799 | D:5      | Entered Level 5 of the Dungeon
  3942 | D:5      | Reached skill level 8 in Maces & Flails
  4119 | D:5      | Found an iron altar of Okawaru.
  4402 | D:5      | Found Linlok's General Store.
  4527 | D:5      | Noticed Menkaure
  4530 | D:5      | Killed Menkaure
  4618 | D:6      | Reached skill level 9 in Maces & Flails
  4669 | D:6      | Found a basalt altar of Yredelemnul.
  4692 | D:6      | Noticed Dowan
  4709 | D:6      | Noticed Pikel
  4717 | D:6      | Killed Pikel
  4717 | D:6      | Reached XP level 9. HP: 45/77 MP: 8/8
  4719 | D:6      | Noticed Duvessa
  4733 | D:6      | Killed Duvessa
  4741 | D:6      | Killed Dowan
  5106 | D:6      | Found a blossoming altar of Fedhas.
  5219 | D:6      | Noticed Sigmund
  5230 | D:6      | Killed Sigmund
  5230 | D:6      | Reached skill level 10 in Maces & Flails
  5345 | D:6      | Found a staircase to the Ecumenical Temple.
  5360 | Temple   | Entered the Ecumenical Temple
  5570 | Temple   | Became a worshipper of the Shining One
  5634 | D:6      | Found a bloodstained altar of Trog.
  6549 | D:8      | Noticed Joseph
  6563 | D:8      | Killed Joseph
  6563 | D:8      | Reached skill level 1 in Stealth
  6563 | D:8      | Reached XP level 10. HP: 80/86 MP: 9/9
  6709 | D:8      | Noticed an unseen horror
  6722 | D:8      | Killed an unseen horror
  6722 | D:8      | Reached skill level 10 in Shields
  6745 | D:8      | Found Cuamiom's Food Boutique.
  6813 | D:8      | Reached skill level 11 in Maces & Flails
  6934 | D:8      | Reached * piety under the Shining One
  7170 | D:8      | Found a staircase to the Lair.
  7244 | D:8      | Reached skill level 12 in Maces & Flails
  7251 | Lair:1   | Entered Level 1 of the Lair of Beasts
  7439 | Lair:1   | Noticed a spiny frog
  7442 | Lair:1   | Noticed a spiny frog
  7456 | Lair:1   | HP: 1/86 [spiny frog (5)]
  7457 | Lair:1   | Succumbed to a spiny frog's poison

Vault maps used:
D:1:      dpeg_arrival_subterranean_lakeside_camping, minmay_cut_off
D:2:      chequers_temple_overflow_minitemple, first_bread, item_on_display_a,
          uniq_crazy_yiuf_cottage, uniq_robin, uniq_terence, uniq_jessica
D:3:      led_sif_book, uniq_iyjb, uniq_grinder
D:4:      serial_shops, nicolae_shop_behind_doors
D:5:      serial_shops, nicolae_shop_crystal, okawaru_altar_gauntlet_db,
          uniq_menkaure
D:6:      kennysheep_mini, old_standard_altar, trog_hazing_becter, uniq_duvessa,
          uniq_sigmund, uniq_pikel
D:8:      minmay_ornate_pinched, serial_shops, nicolae_shop_waterfront,
          uniq_joseph
Temple:   regret_index_temple_sphere_string
Lair:1:   lemuel_fruit_tree, uniq_fannar

Skill      XL: |  1  2  3  4  5  6  7  8  9 10 |
---------------+-------------------------------+-----
Shields        | 4 5 7 9 10 | 10.2
Armour         | 4 5 6 7 8 |  8.7
Fighting       | 4 5 6 7 |  7.3
Maces & Flails | 3 5 6 7 9 10 12 | 12.4
Dodging        | 1 2 3 4 |  4.4
Stealth        | 1 |  1.1

Action                   |  1- 3 |  4- 6 |  7- 9 | 10-12 || total
-------------------------+-------+-------+-------+-------++-------
Melee: Flail             |    74 |   171 |   199 |   127 ||   571
       Short sword       |    11 |       |       |       ||    11
       Headbutt          |    11 |    15 |    66 |    30 ||   122
       Whip              |       |       |   133 |    22 ||   155
  Use: Scroll            |       |     6 |    15 |     1 ||    22
       Potion            |       |       |     2 |     3 ||     5
  Eat: Chunk             |       |     6 |     8 |    25 ||    39
       Bread ration      |       |       |     1 |       ||     1
Armor: Scale mail        |    33 |    79 |    89 |    52 ||   253
Dodge: Dodged            |    26 |    48 |    87 |    57 ||   218
Block: Shield            |    39 |    86 |   158 |   101 ||   384
